 Dungeon Crawl Stone Soup version 0.25-a0-419-g7650d0de75 (webtiles) character file.

Game seed: 13274906928797101391, levelgen mode: deterministic

400 bmfx the Skirmisher (level 6, -2/67 HPs)
             Began as an Ogre Warper on Jan 17, 2020.
             Slain by a centaur (8 damage)
             ... on level 5 of the Dungeon.
             The game lasted 00:10:23 (4907 turns).

bmfx the Skirmisher (Ogre Warper)                   Turns: 4907, Time: 00:10:24

Health: -2/67      AC:  3    Str: 16    XL:     6   Next: 84%
Magic:  8/9        EV: 10    Int: 14    God:
Gold:   207        SH:  0    Dex: 10    Spells: 2/9 levels left

rFire    . . .     SeeInvis .   q - +0 halberd
rCold    . . .     Gourm    .   (shield currently unavailable)
rNeg     . . .     Faith    .   b - +0 robe
rPois    .         Spirit   .   o - +0 hat
rElec    .         Reflect  .   (no cloak)
rCorr    .         Harm     .   (gloves unavailable)
MR       .....                  (boots unavailable)
Stlth    +.........             (no amulet)
HPRegen  0.21/turn              (no ring)
MPRegen  0.11/turn              (no ring)

@: shrouded (expiring), very slightly contaminated, invisible
A: large, unfitting armour, tough skin 1
a: no special abilities


You were on level 5 of the Dungeon.
You were not hungry.

You visited 1 branch of the dungeon, and saw 5 of its levels.

You collected 207 gold pieces.


Innate Abilities, Weirdness & Mutations

You are too large for most types of armour.
You have tough skin. (AC +1)

Dungeon Overview and Level Annotations

Branches:
Dungeon (5/15)             Temple (0/1) D:5

Altars:
Kikubaaqudgha
Xom


   Skills:
 + Level 6.2 Fighting
 + Level 4.6 Polearms
 + Level 3.0 Throwing
 - Level 2.1 Dodging
 - Level 2.4 Spellcasting
 - Level 2.6 Translocations


You had 2 spell levels left.
You knew the following spells:

 Your Spells              Type           Power        Failure   Level  Hunger
b - Blink                 Tloc           N/A          12%         2    ###....
A - Shroud of Golubria    Chrm/Tloc      #.....       21%         2    ###....
B - Gell's Gravitas       Tloc           #.........   22%         3    ###....

Your spell library contained the following spells:

 Spells                   Type           Power        Failure   Level  Hunger
 Lesser Beckoning         Tloc           #.........   22%         3    ###....
 Teleport Other           Tloc           #.......     22%         3    ###....
 Passage of Golubria      Tloc           N/A          58%         4    #####..

Action                   |  1- 3 |  4- 6 || total
-------------------------+-------+-------++-------
Melee: Spear             |   177 |   176 ||   353
       Halberd           |       |    13 ||    13
Throw: Stone             |    41 |    23 ||    64
       Dart              |       |    50 ||    50
       Boomerang         |       |     7 ||     7
 Cast: Shroud of Golubri |       |    20 ||    20
  Use: Scroll            |     2 |     6 ||     8
       Potion            |       |     6 ||     6
 Stab: Sleeping          |       |     1 ||     1
  Eat: Chunk             |     3 |    11 ||    14
Armor: Robe              |    19 |    55 ||    74
Dodge: Dodged            |    36 |   117 ||   153

Skill      XL: |  1  2  3  4  5  6 |
---------------+-------------------+-----
Fighting       | 3 4 5 6 |  6.2
Polearms       | 3 4 |  4.6
Throwing       | 2 3 |  3.0
Dodging        | |  2.1
Spellcasting   | |  2.4
Translocations | |  2.6

Inventory:

Hand Weapons
 a - a +0 spear
 q - a +0 halberd (weapon)
 r - a +0 trident
Missiles
 c - 4 boomerangs
 h - 120 stones
 p - 15 poisoned darts (quivered)
Armour
 b - a +0 robe (worn)
 o - a +0 hat (worn)
Scrolls
 d - a scroll of blinking {@r2}
 e - a scroll of fog {unknown}
 g - a scroll of magic mapping {unknown}
 i - a scroll of teleportation {unknown}
 j - a scroll of amnesia
 l - a scroll of remove curse {@r4}
 m - a scroll of random uselessness {unknown}
Comestibles
 f - 5 rations

#≈ ##≈# #≈≈# #≈≈#
#≈≈# ##≈#
##≈###############
≈≈≈..........(((.#
.....##########.@#
............#
#..c§§..#
#############
#.≈§§§≈.#
#§≈§§≈§§#
.≈§§>§§≈#
#.≈≈≈§§§§.#
#..≈≈§§≈..#
....§≈§...#


You could see a centaur.

Vanquished Creatures
  A gnoll sergeant (D:5)
  A scorpion (D:4)
  2 hounds (D:4)
  2 orc wizards (D:4)
  3 gnolls (D:5)
  6 adders
  An adder skeleton (D:4)
  4 worms (D:2)
  3 dart slugs (D:3)
  4 orcs
  7 bats
  5 giant cockroaches
  3 goblins
  8 hobgoblins
  6 jackals
  5 kobolds
  A quokka (D:2)
  A ball python (D:3)
  6 frilled lizards
  A quokka skeleton (D:4)
  7 rats
77 creatures vanquished.

Vanquished Creatures (others)
  A human (D:2)
1 creature vanquished.

Grand Total: 78 creatures vanquished

Levels and vault maps discovered:
D:1:      moated_graveyard_arrival, layout_basic, hex_tiny, minmay_pentomino_w4
D:2:      layout_loops_ring, chequers_mini_garden, tgw_kikubaaqudgha
D:3:      layout_loops_ring, first_ration, patterned_corridor
D:4:      layout_rooms, xom_redecorated, corexii_leaking_fountain,
          moated_statue, chequers_serial_rivers_room_a, columned_hall_lemuel,
          hangedman_decor_peaks_small, minmay_misc_feat_square
D:5:      layout_rooms, nicolae_tso_carved_into_rock, minmay_temple_entry_mist,
          lightli_minifort


Message History

The centaur shoots an arrow.
The arrow hits you.
The centaur shoots an arrow.
The arrow hits you!
* * * LOW HITPOINT WARNING * * *
You see here 2 arrows.
The centaur unwields a +0 shortbow.
The centaur completely misses you.
You fade into invisibility!
The centaur misses you.
You are very lightly contaminated with residual magic.
You completely miss the centaur.
Your shroud begins to fray at the edges.
Your shroud bends the centaur's attack away.
The centaur closely misses you.
You puncture the centaur!
The centaur is heavily wounded.
The centaur misses you.
The centaur hits you but does no damage.
You hit the centaur.
The centaur is heavily wounded.
The centaur completely misses you. The centaur hits you!
You die...

Notes
Turn   | Place    | Note
-------+----------+-------------------------------------------
     0 | D:1      | bmfx the Ogre Warper began the quest for the Orb.
     0 | D:1      | Reached XP level 1. HP: 22/22 MP: 3/3
    77 | D:1      | Reached skill level 3 in Fighting
    79 | D:1      | Reached XP level 2. HP: 31/31 MP: 5/5
   664 | D:2      | Reached XP level 3. HP: 31/39 MP: 6/6
   729 | D:2      | You fall into a shaft and drop 2 floors!
   736 | D:4      | Noticed a scorpion
   834 | D:4      | Found a shimmering altar of Xom.
   913 | D:4      | Reached skill level 4 in Fighting
  1051 | D:4      | Found a shimmering altar of Xom.
  1056 | D:4      | Learned a level 2 spell: Blink
  1059 | D:4      | Learned a level 2 spell: Shroud of Golubria
  1805 | D:2      | Found an ancient bone altar of Kikubaaqudgha.
  1806 | D:2      | Noticed a human
  1808 | D:2      | Killed a human
  1813 | D:2      | Reached XP level 4. HP: 43/49 MP: 7/7
  3416 | D:4      | Found a shimmering altar of Xom.
  3477 | D:4      | Reached XP level 5. HP: 54/55 MP: 5/8
  3557 | D:4      | Reached skill level 5 in Fighting
  3874 | D:4      | Reached XP level 6. HP: 37/66 MP: 9/9
  4503 | D:5      | Entered Level 5 of the Dungeon
  4643 | D:5      | Reached skill level 6 in Fighting
  4848 | D:4      | Learned a level 3 spell: Gell's Gravitas
  4877 | D:5      | Found a staircase to the Ecumenical Temple.
  4907 | D:5      | Slain by a centaur
